[Event "Vojvodina Open 2024-A 2024"]
[Site "Novi Sad"]
[Date "2024.06.24"]
[Round "1.15"]
[White "Sahbudak, Baris Cinar"]
[Black "Ljepic, Andrej"]
[Result "1/2-1/2"]
[ECO "C01"]
[WhiteElo "1941"]
[BlackElo "2267"]
[Annotator "RC"]
[PlyCount "101"]
[EventDate "2024.06.03"]
[EventType "swiss"]
[EventCountry "SRB"]
[SourceTitle "playchess.com"]
[Source "ChessBase"]
[SourceQuality "1"]
[TimeControl "40/5400+30:900+30"]

1. e4 e6 2. d4 d5 3. Bd3 dxe4 4. Bxe4 Nf6 5. Bf3 Be7 6. Ne2 O-O 7. O-O Nbd7 8. Bf4 c5 9. Nbc3 a6 10. Qd2 cxd4 11. Qxd4 Bc5 12. Qd2 e5 13. Be3 Qc7 14. Ng3 Bxe3 15. Qxe3 Nb6 16. Rfe1 Nc4 17. Qe2 Nxb2 18. Qxe5 Qxe5 19. Rxe5 Rb8 20. Rc5 b6 21. Rc7 Be6 22. Bb7 a5 23. Nge4 Nxe4 24. Nxe4 Rfd8 25. h3 h6 26. Rb1 Nc4 27. Ba6 Na3 28. Rb2 b5 29. Rc5 Rd5 30. Rc3 Rd1+ 31. Kh2 Rb1 32. Rxb1 Nxb1 33. Rc5 Na3 34. Rc3 b4 35. Rc5 Bxa2 36. Rxa5 Bb1 37. Nc3 Bxc2 38. Nd5 Nb1 39. Ne7+ Kh7 40. Nc6 Rb6 41. Nd4 Bg6 42. f4 Be4 43. Nb3 Nc3 44. Bc4 f5 45. Nd4 Nd1 46. Ne6 b3 47. Rb5 Rxb5 48. Nf8+ Kh8 49. Ng6+ Kh7 50. Nf8+ Kh8 51. Ng6+ 1/2-1/2

[Event "Vojvodina Open 2024-A 2024"]
[Site "Novi Sad"]
[Date "2024.06.24"]
[Round "1.16"]
[White "Drazic, Sinisa"]
[Black "Arvind Ramnath Iyer"]
[Result "1/2-1/2"]
[ECO "D00"]
[WhiteElo "2263"]
[BlackElo "1872"]
[Annotator "RC"]
[PlyCount "49"]
[EventDate "2024.06.03"]
[EventType "swiss"]
[EventCountry "SRB"]
[SourceTitle "playchess.com"]
[Source "ChessBase"]
[SourceQuality "1"]
[TimeControl "40/5400+30:900+30"]

1. d4 Nf6 2. Bg5 g6 3. Bxf6 exf6 4. e3 d5 5. c4 c6 6. Nc3 Bg7 7. cxd5 cxd5 8. Qb3 O-O 9. g3 Nc6 10. Bg2 Be6 11. Nge2 Na5 12. Qd1 Bh6 13. O-O Qd7 14. b3 f5 15. Nf4 Bxf4 16. exf4 Nc6 17. Re1 Rac8 18. Rc1 Rfd8 19. Na4 b6 20. Qd2 Ne7 21. Nc3 Rc7 22. Bf1 Nc8 23. Nb5 Rb7 24. a4 Nd6 25. Rc2 1/2-1/2